 Dungeon Crawl Stone Soup version 0.26-a0-952-g76694b35de (webtiles) character file.

Game seed: 10387034990070832775

53 marklar909 the Skirmisher (level 3, 0/37 HPs)
             Began as a Troll Delver on Nov 30, 2020.
             Slain by an orc wizard
             ... wielding a +0 dagger of electrocution
              (4 damage)
             ... on level 3 of the Dungeon.
             The game lasted 00:01:25 (399 turns).

marklar909 the Skirmisher (Troll Delver)             Turns: 399, Time: 00:01:26

Health: 0/37       AC:  6    Str: 20    XL:     3   Next: 64%
Magic:  2/2        EV: 10    Int:  6    God:
Gold:   25         SH:  0    Dex: 12    Spells: 2/2 levels left

rFire    . . .     SeeInvis .     - Unarmed
rCold    . . .     Faith    .   (no shield)
rNeg     . . .     Spirit   .   a - +0 robe
rPois    .         Reflect  .   (helmet restricted)
rElec    .         Harm     .   (no cloak)
rCorr    .         Rampage  .   (gloves unavailable)
MR       .....                  (boots unavailable)
Stlth    ++........             (no amulet)
HPRegen  0.52/turn              (no ring)
MPRegen  0.08/turn              (no ring)

@: lethally poisoned (0 -> 0)
A: large, unfitting armour, claws 3, regeneration 1, shaggy fur 1, tough skin 3
a: no special abilities


You were on level 3 of the Dungeon.
You visited 1 branch of the dungeon, and saw 3 of its levels.

You collected 25 gold pieces.

Inventory:

Missiles
 j - 3 curare-tipped darts (quivered)
Armour
 a - a +0 robe (worn)
Wands
 f - a wand of digging (3)
Scrolls
 b - a scroll of fog
 c - a scroll of magic mapping
 d - 2 scrolls of fear
 g - 2 scrolls of remove curse {unknown}
 i - 2 scrolls of teleportation {unknown}
 k - a scroll of enchant weapon {unknown}
Potions
 e - a potion of haste
 h - a potion of mutation {unknown}
 l - a potion of berserk rage {unknown}


   Skills:
 * Level 3.1 Fighting
 * Level 2.3 Dodging
 - Level 2.7 Stealth
 + Level 2.5 Unarmed Combat


You had 2 spell levels left.
You didn't know any spells.
Your spell library was empty.

Dungeon Overview and Level Annotations

Branches:
Dungeon (5/15)
 Temple: D:4-7

Altars:


Innate Abilities, Weirdness & Mutations

You are too large for most types of armour.
You have claws for hands.
Your natural rate of healing is unusually fast.
You are covered in fur. (AC +1)
You have extremely tough skin. (AC +3)


Message History

The orc wizard mumbles some strange words.
The orc wizard seems to speed up.
You feel sick.
You feel sick. The orc wizard blocks your attack.
The orc wizard casts a spell at you. The puff of frost hits you!
The orc wizard hits you but does no damage.
The orc wizard blocks your attack.
You claw the orc wizard!
The orc wizard is heavily wounded.
You feel sick.
The orc wizard gestures at you while chanting.
The magic dart hits you.
You barely miss the orc wizard.
The orc wizard is heavily wounded.
The orc wizard casts a spell at you. The puff of frost hits you!
* * * LOW HITPOINT WARNING * * *
The orc wizard hits you with a +0 dagger of electrocution.
You die...

#.# .# ###.#.########## #.###.#
#..............# #..##.#
#..............# ##.##.#
#..............#
#.##.########....[.........#
#.##.......................#
####..#............[..........#
#.............................#
#.###.#.......o@............<.#
# #.....))..................#
#.#..)......##.#..........#
#...####.#####.#.#######.##
#...# #.# #.#.# #.# #...# #.#
#.#.# #.# .....# #.# #.#.# #.#
#.###># #.# #.#.# #.# #. #.
#.#####.#.# #.#


You could see an orc wizard (fast).

Vanquished Creatures
  An orc wizard (D:3)
  An adder (D:3)
  A worm (D:3)
  3 orcs (D:3)
  3 giant cockroaches
  A quokka (D:3)
  2 rats (D:3)
12 creatures vanquished.

Notes
Turn   | Place    | Note
-------+----------+-------------------------------------------
     0 | D:5      | marklar909 the Troll Delver began the quest for the Orb.
     0 | D:5      | Reached XP level 1. HP: 22/22 MP: 0/0
    48 | D:5      | Noticed an orc warrior
   235 | D:3      | Reached XP level 2. HP: 27/29 MP: 1/1
   386 | D:3      | Reached skill level 3 in Fighting
   386 | D:3      | Reached XP level 3. HP: 27/37 MP: 2/2
   399 | D:3      | Slain by an orc wizard

Illustrated notes

Levels and vault maps discovered:
D:3:      layout_basic, nicolae_gozag_zags_fifth_avenue,
          grunt_dithmenos_smoke_and_mirrors
D:4:      layout_rooms, bloody_makhleb, elyvilon_altar_3,
          kennysheep_generic_room_14
D:5:      layout_loops_ring, nicolae_overflow_crystal_walls, uniq_blork_the_orc

Skill      XL: |  1  2 |
---------------+-------+-----
Dodging        | 2 |  2.3
Fighting       | 3 |  3.1
Stealth        | |  2.7
Unarmed Combat | |  2.5

Action                   || total
-------------------------++-------
Melee: Unarmed           ||    31
       Punch             ||     2
Armor: Robe              ||    11
Dodge: Dodged            ||    12

Table legend: (Time is in decaauts)
 A = Elapsed time spent in this place.
 B = Non-inter-level travel time spent in this place.
 C = Inter-level travel time spent in this place.
 D = Time resting spent in this place.
 E = Time spent auto-exploring this place.
 F = Levels seen in this place.
 G = Mean time per level.
                   A        B        C        D        E       F      G
               +--------+--------+--------+--------+--------+-----+--------+
         Total |    397 |    375 |     22 |      0 |    184 |   3 |  132.3 |
       Dungeon |    397 |    375 |     22 |      0 |    184 |   3 |  132.3 |
               +--------+--------+--------+--------+--------+-----+--------+

Top non-repeatable levels by time:
     D:3: 237 daAuts
     D:5: 106 daAuts
     D:4: 53 daAuts
